 Dungeon Crawl Stone Soup version 0.30-b1-2-g02819fbbbe (webtiles) character file.

Game seed: 17232214004560935991

53 dorian the Shield-Bearer (level 4, 0/35 HPs)
             Began as a Formicid Fighter on May 17, 2023.
             Slain by Terence
             ... wielding a +5 falchion of holy wrath
              (6 damage)
             ... on level 2 of the Dungeon.
             The game lasted 00:01:13 (951 turns).

dorian the Shield-Bearer (Formicid Fighter)          Turns: 951, Time: 00:01:14

Health: 0/35       AC: 12    Str: 20 (21) XL:     4   Next: 10%
Magic:  4/4        EV:  5    Int:  7 (9)  God:
Gold:   80         SH:  5    Dex: 12 (13) Spells: 3/3 levels left

rFire   . . .        a - +0 long sword
rCold   . . .        c - +0 buckler
rNeg    . . .        f - +1 plate armour
rPois   .            (helmet unavailable)
rElec   .            (no cloak)
rCorr   .            (no gloves)
SInv    +            (no boots)
Will    .....        (no amulet) Stlth
                     (no ring)
HPRegen 0.25/turn    (no ring)
MPRegen 0.09/turn

%: no passive effects
@: no status effects
A: permanent stasis, dig shafts and tunnels, antennae 3, four strong arms
a: Dig, Shaft Self


You were on level 2 of the Dungeon.
You visited 1 branch of the dungeon, and saw 2 of its levels.

You collected 80 gold pieces.

Inventory:

Hand Weapons
 a - a +0 long sword (weapon)
Armour
 b - a +0 scale mail
 c - a +0 buckler (worn)
 f - a +1 plate armour (worn)
 g - an orb of mayhem
Scrolls
 e - a scroll of identify {unknown}
 i - a scroll of fog {unknown}
Potions
 d - 2 potions of might
 k - a potion of magic {unknown}


   Skills:
 - Level 3.2 Fighting
 * Level 3.2 Long Blades
 + Level 3.8 Armour
 + Level 4.6 Shields


You had 3 spell levels left.
You didn't know any spells.
Your spell library was empty.

Dungeon Overview and Level Annotations

Branches:
Dungeon (2/15)

Altars:

Annotations:
D:2 Terence


Innate Abilities, Weirdness & Mutations

You cannot be hasted, slowed, berserked, paralysed or teleported.
You can dig through walls and to a lower floor.
You have a pair of large antennae on your head. (SInv)
Your four strong arms can wield two-handed weapons with a shield.


Message History

Unknown command.
You hit Terence.
Terence is lightly wounded.
Terence says, "Did you write a will?
You should..."
Terence hits you with a +5 falchion of holy wrath!
Unknown command.
You barely miss Terence.
Terence is lightly wounded.
Terence hits you with a +5 falchion of holy wrath.
Unknown command.
You hit Terence but do no damage.
Terence is lightly wounded.
Terence screams, "I'm going to kill you!"
You block Terence's attack. Terence hits you but does no damage.
Unknown command.
You hit Terence.
Terence is moderately wounded.
Terence hits you with a +5 falchion of holy wrath.
Unknown command.
You hit Terence but do no damage.
Terence is moderately wounded.
Terence hits you but does no damage.
Unknown command.
You hit Terence but do no damage.
Terence is moderately wounded.
Terence hits you with a +5 falchion of holy wrath!
Terence hits you with a +5 falchion of holy wrath.
* * * LOW HITPOINT WARNING * * *
Unknown command.
You are too injured to fight recklessly!
Unknown command.
You are too injured to fight recklessly!
Unknown command.
You are too injured to fight recklessly!
Unknown command.
It was a potion of degeneration.
There was something very wrong with that liquid.
You feel weakened.
You feel dopey.
You feel clumsy.
Terence hits you with a +5 falchion of holy wrath.
You die...

#.#####.......##
#.# #........####
#.# #............
#.#####........###
#.##..........##
#.##.####.##.##
#.........##.##
####.####.#...#.#.#
#.# #...@@....# #.#
#..$....### #.#
#.........# #.#
#.........# #.#
##...:^..... #..
...###.#### ###
##... .# #... ..


You could see Terence.

Vanquished Creatures
  2 adders (D:2)
  2 dart slugs (D:1)
  2 ball pythons (D:1)
  4 bats
  5 endoplasms (D:1)
  A giant cockroach (D:1)
  2 goblins
  A hobgoblin (D:1)
  A quokka (D:1)
  A frilled lizard (D:1)
  3 kobolds
  6 rats (D:1)
30 creatures vanquished.

Notes
Turn   | Place    | Note
-------+----------+-------------------------------------------
     0 | D:1      | dorian the Formicid Fighter began the quest for the Orb.
     0 | D:1      | Reached XP level 1. HP: 18/18 MP: 1/1
   169 | D:1      | Reached XP level 2. HP: 10/24 MP: 2/2
   423 | D:1      | Reached XP level 3. HP: 26/29 MP: 3/3
   561 | D:1      | Found a faded altar of an unknown god.
   916 | D:2      | Reached XP level 4. HP: 35/35 MP: 4/4
   941 | D:2      | Noticed Terence
   951 | D:2      | Slain by Terence

Illustrated notes

Levels and vault maps discovered:
D:1:      dpeg_arrival_stone_temple_mockup, layout_loops_ring,
          basic_ecumenical_altar
D:2:      minmay_chambers_of_twos, layout_loops_ring, uniq_robin, uniq_terence

Skill      XL: |  1  2  3 |
---------------+----------+-----
Long Blades    | 3 |  3.2
Fighting       | |  3.2
Armour         | |  3.8
Shields        | |  4.6

Action                     |  1- 3 |  4- 6 || total
---------------------------+-------+-------++-------
  Melee: Long sword        |    92 |     8 ||   100
    Use: Scroll            |     3 |       ||     3
         Potion            |       |     1 ||     1
 Armour: Scale mail        |     7 |       ||     7
         Plate armour      |    53 |     3 ||    56
  Dodge: Dodged            |    20 |       ||    20
  Block: Buckler           |    22 |     1 ||    23
